 Dungeon Crawl Stone Soup version 0.31.0-11-ge490571c62 (webtiles) character file.

Game seed: 13272444708286098118

39 qw the Shooter (level 3, -1/20 HPs)
             Began as a Deep Elf Hunter on Feb 4, 2024.
             Slain by Sigmund
             ... wielding a +0 scythe
              (7 damage)
             ... on level 2 of the Dungeon.
             The game lasted 00:00:03 (750 turns).

qw the Shooter (Deep Elf Hunter)                     Turns: 750, Time: 00:00:04

Health: -1/20      AC:  5    Str: 10    XL:     3   Next: 26%
Magic:  5/5        EV: 11    Int: 13    God:
Gold:   70         SH:  0    Dex: 18    Spells: 2/2 levels left

rFire   . . .        a - +0 shortbow
rCold   . . .        (shield currently unavailable)
rNeg    . . .        l - +0 ring mail
rPois   .            (no helmet)
rElec   .            (no cloak)
rCorr   .            (no gloves)
SInv    .            (no boots)
Will    .....        (no amulet)
Stlth   +            (no ring)
HPRegen 0.23/turn    (no ring)
MPRegen 0.09/turn

%: no passive effects
@: no status effects
A: no striking features
a: no special abilities


You were on level 2 of the Dungeon.
You visited 1 branch of the dungeon, and saw 2 of its levels.

You collected 70 gold pieces.


   Skills:
 - Level 1.5 Fighting
 + Level 6.8 Ranged Weapons
 - Level 2.4 Dodging
 - Level 1.2 Stealth


You had 2 spell levels left.
You didn't know any spells.
Your spell library was empty.

Inventory:

Hand Weapons
 a - a +0 shortbow (weapon)
Armour
 l - a +0 ring mail (worn)
Scrolls
 b - a scroll of identify
Potions
 d - a potion of might

Dungeon Overview and Level Annotations

Branches:
Dungeon (2/15)

Altars:

Annotations:
D:2 Sigmund


Message History

The adder is heavily wounded.
The adder bites you but does no damage. Sigmund misses you.
You shoot an arrow. The arrow hits the adder!
You kill the adder!
A hobgoblin comes into view.
Sigmund barely misses you.
You have reached level 3!
Your experience leads to an increase in your attributes!
Increase (S)trength, (I)ntelligence, or (D)exterity?
You feel stronger. x2
You shoot an arrow. The arrow hits Sigmund.
Sigmund is moderately wounded.
You shoot an arrow. The arrow hits Sigmund.
Sigmund is moderately wounded.
Sigmund misses you.
You shoot an arrow.
The arrow hits Sigmund but does no damage.
Sigmund is moderately wounded.
Sigmund casts a spell.
Sigmund flickers and vanishes!
Deactivating autopickup; reactivate with Ctrl-A.
You shoot an arrow. The arrow hits the goblin.
You kill the goblin!
Something hits you.
742 ||| FLEEEEING.
743 ||| FLEEEEING.
744 ||| FLEEEEING.
A magic dart appears from out of thin air!
The magic dart hits you.
You shoot an arrow. You shoot an arrow. Something hits you!
747 ||| FLEEEEING.
748 ||| FLEEEEING.
A puff of flame appears from out of thin air!
The puff of flame misses you.
You shoot an arrow. You shoot an arrow. Something hits you!
You die...

#.....#..%...#
#.....#......#
#.#........# ###
##...#......#
.....######
#..#####.####
....)g%...##
#.## #<##
.########..# #.#
###.<#
##{###.##..###.#
#...@......# #.#
#....#.###.# #.#
#..#.#.# #.#
)....#.#.# #.#
..####..#.# #.#
# .##.# #.# #.
#.# #.##.#


There were no monsters in sight!

Vanquished Creatures
  An adder (D:2)
  A dart slug (D:1)
  2 endoplasms (D:1)
  A giant cockroach (D:2)
  5 hobgoblins (D:1)
  A quokka (D:1)
  2 bats (D:2)
  2 goblins
  6 kobolds
  5 rats
26 creatures vanquished.

Notes
Turn   | Place    | Note
-------+----------+-------------------------------------------
     0 | D:1      | qw the Deep Elf Hunter began the quest for the Orb.
     0 | D:1      | Reached XP level 1. HP: 12/12 MP: 3/3
     0 | D:1      | 0 ||| qw: Version: 0.3-a-160-g6735b56
     0 | D:1      | 0 ||| qw: Game counter: 4653
     0 | D:1      | 0 ||| qw: Melee chars always use a shield: true
     0 | D:1      | 0 ||| qw: God list: Okawaru
     0 | D:1      | 0 ||| qw: Allow faded altars: false
     0 | D:1      | 0 ||| qw: Do Orc after clearing Dungeon:15 true
     0 | D:1      | 0 ||| qw: Do second Lair branch before Depths: true
     0 | D:1      | 0 ||| qw: Lair rune preference: random
     0 | D:1      | 0 ||| qw: Goals: Normal
     0 | D:1      | 0 ||| PLANNING D:1-11
   204 | D:1      | Reached skill level 6 in Ranged Weapons
   204 | D:1      | Reached XP level 2. HP: 16/16 MP: 4/4
   635 | D:1      | 635 ||| DROPPING scarf of invisibility.
   636 | D:1      | 636 ||| UPGRADING to +0 scale mail.
   646 | D:1      | 646 ||| DROPPING +0 leather armour.
   647 | D:1      | 647 ||| UPGRADING to +0 ring mail.
   657 | D:1      | 657 ||| DROPPING +0 scale mail.
   658 | D:1      | 658 ||| READING scroll labelled SOAMUQ FOLAOPS.
   659 | D:1      | 659 ||| READING scroll labelled CEWEAM POJOA.
   659 | D:1      | 659 ||| IDENTIFYING ruby potion
   660 | D:1      | 660 ||| READING scroll labelled QOB ENWITESU.
   661 | D:1      | 661 ||| READING scroll labelled YJARU JUDDUARPH.
   662 | D:1      | 662 ||| READING scroll labelled MULICK GUCZI.
   663 | D:1      | 663 ||| DROPPING scroll of butterflies.
   731 | D:2      | Noticed Sigmund
   733 | D:2      | 733 ||| DRINKING inky potion.
   738 | D:2      | Reached XP level 3. HP: 20/20 MP: 5/5
   742 | D:2      | 742 ||| FLEEEEING.
   743 | D:2      | 743 ||| FLEEEEING.
   744 | D:2      | 744 ||| FLEEEEING.
   746 | D:2      | HP: 5/20 [something (8)]
   747 | D:2      | 747 ||| FLEEEEING.
   748 | D:2      | 748 ||| FLEEEEING.
   750 | D:2      | Slain by Sigmund

Levels and vault maps discovered:
D:1:      shiori_arrival_elements, layout_basic
D:2:      layout_rooms, basic_altar, serial_shops, nicolae_diamond_shop,
          uniq_sigmund, uniq_jessica

Skill      XL: |  1 |
---------------+----+-----
Ranged Weapons | 6 |  6.8
Fighting       | |  1.5
Dodging        | |  2.4
Stealth        | |  1.2

Action                     || total
---------------------------++-------
   Fire: Shortbow          ||    73
    Use: Scroll            ||     5
         Potion            ||     1
 Armour: Ring mail         ||     9
         Leather armour    ||     1
  Dodge: Dodged            ||    10

Table legend:
 A = Non-vault XP
 B = Vault XP
 C = Vault XP percentage of total XP
 D = Non-vault monster count
 E = Vault monster count
 F = Vault count percentage of total count
                 A         B        C        D         E       F
            +---------+---------+-------+---------+---------+-------
      Total |      56 |       0 |   0.0 |      26 |       0 |   0.0
            +---------+---------+-------+---------+---------+-------
        D:1 |      31 |       0 |   0.0 |      18 |       0 |   0.0
        D:2 |      25 |       0 |   0.0 |       8 |       0 |   0.0
            +---------+---------+-------+---------+---------+-------
